 Dungeon Crawl Stone Soup version 0.24.0-37-gcf1ca852f1 (webtiles) character file.

Game seed: 17871702377912862802, levelgen mode: deterministic

168 grindst0ne the Fighter (level 5, -9/51 HPs)
             Began as a Gnoll Wanderer on Dec 1, 2019.
             Was an Initiate of Dithmenos.
             Killed by divine providence
             ... invoked by an orc priest
              (15 damage)
             ... on level 3 of the Dungeon.
             The game lasted 00:04:47 (2482 turns).

grindst0ne the Fighter (Gnoll Wanderer)             Turns: 2482, Time: 00:04:47

Health: -9/51      AC: 12    Str: 14    XL:     5   Next: 49%
Magic:  7/7        EV: 12    Int: 13    God:    Dithmenos [......]
Gold:   157        SH:  0    Dex: 17    Spells: 5/6 levels left

rFire    . . .     SeeInvis .   o - +2 dagger (protect)
rCold    . . .     Gourm    .   (no shield)
rNeg     . . .     Faith    .   l - +0 ring mail
rPois    .         Spirit   .   (no helmet)
rElec    .         Reflect  .   (no cloak)
rCorr    .         Harm     .   (no gloves)
MR       .....                  (no boots)
Stlth    ++........             (no amulet)
HPRegen  0.17/turn              (no ring)
MPRegen  0.10/turn              (no ring)

@: protection aura
A: distributed training, fangs 1, strong nose
a: Renounce Religion


You were on level 3 of the Dungeon.
You worshipped Dithmenos.
Dithmenos was noncommittal.
You were not hungry.

You visited 1 branch of the dungeon, and saw 3 of its levels.

You collected 157 gold pieces.

Inventory:

Hand Weapons
 a - a +2 dagger
 c - a +0 quarterstaff
 n - a +0 whip
 o - a +2 dagger of protection (weapon)
 q - a +2 flail of venom
Armour
 e - a +0 robe
 i - a +0 shield
 l - a +0 ring mail (worn)
Scrolls
 b - a scroll of blinking
 d - 3 scrolls of teleportation
 g - 4 scrolls of identify {unknown}
 h - a scroll of random uselessness {unknown}
 j - 3 scrolls of remove curse {unknown}
 k - a scroll of enchant weapon {unknown}
 m - a scroll of enchant armour {unknown}
 s - a scroll of amnesia {unknown}
Potions
 p - a potion of flight {unknown}
 r - a potion of brilliance {unknown}
Comestibles
 f - 3 rations
 t - a chunk of flesh


   Skills:
 + Level 8.6 Fighting
 + Level 1.4 Short Blades
 + Level 1.4 Long Blades
 + Level 1.4 Axes
 + Level 1.4 Maces & Flails
 + Level 1.4 Polearms
 + Level 3.0 Staves
 + Level 1.4 Slings
 + Level 1.4 Bows
 + Level 1.4 Crossbows
 + Level 4.8 Throwing
 + Level 1.4 Armour
 + Level 3.0 Dodging
 + Level 4.4 Stealth
 + Level 1.4 Shields
 + Level 1.4 Unarmed Combat
 + Level 1.4 Spellcasting
 + Level 1.1 Conjurations
 + Level 1.1 Hexes
 + Level 1.1 Charms
 + Level 1.1 Summonings
 + Level 1.1 Necromancy
 + Level 1.1 Translocations
 + Level 1.1 Transmutations
 + Level 1.1 Fire Magic
 + Level 1.1 Ice Magic
 + Level 1.1 Air Magic
 + Level 1.1 Earth Magic
 + Level 1.1 Poison Magic
 + Level 1.6 Invocations
 + Level 1.4 Evocations


You had 5 spell levels left.
You knew the following spells:

 Your Spells              Type           Power        Failure   Level  Hunger
a - Magic Dart            Conj           #...         34%         1    ##.....

Your spell library contained the following spells:

 Spells                   Type           Power        Failure   Level  Hunger
 Searing Ray              Conj           #.....       45%         2    ###....
 Dazzling Spray           Conj/Hex       #.....       71%         3    ####...
 Force Lance              Conj/Tloc      #.......     98%         4    #####..
 Fulminant Prism          Conj/Hex       #.........   98%         4    #####..
 Iskenderun's Mystic Bla  Conj           #.......     98%         4    #####..


Dungeon Overview and Level Annotations

Branches:
Dungeon (3/15)

Altars:
Cheibriados
Dithmenos
Kikubaaqudgha
Okawaru
Ru
Xom
The Shining One

Annotations:
D:2 exclusion: downstairs


Innate Abilities, Weirdness & Mutations

Your experience applies equally to all skills.
You have very sharp teeth.
Your uncanny sense of smell can sniff out nearby items.


Message History

The orc hits you but does no damage.
You hit the orc priest.
The orc priest is moderately wounded.
The orc priest hits you but does no damage.
The orc barely misses you.
You hit the orc priest but do no damage.
The orc priest is moderately wounded.
The orc priest closely misses you. The orc hits you.
* * * LOW HITPOINT WARNING * * *
You hit the orc priest but do no damage.
The orc priest is moderately wounded.
The orc priest invokes the aid of Beogh against you.
Pain shoots through your body!
* * * LOW HITPOINT WARNING * * *
You closely miss the orc priest.
The orc priest is moderately wounded.
The orc hits you but does no damage.
The orc priest calls down the wrath of Beogh upon you.
Beogh smites you!
You die...

.....(.......# #......?....###
#............. ##........#..$
#####.#..#.# #.....#.# #####
##....#.# ##....
#oo....###+##.....
#@#.#.......#.....
..#############†#.........#.....
................#.........#.###.
########.#########..#............
.........# #..##.#####.####
#######..#########..##.# #.# #
#...÷.........##.# #.# #
#######.########...##.# #.####
............).......... ..#...


You could see an orc priest and an orc.

Vanquished Creatures
  2 orc wizards (D:3)
  Natasha (D:3)
  2 adders (D:2)
  A dart slug (D:3)
  3 leopard geckos
  14 orcs
  4 giant cockroaches
  7 goblins
  3 hobgoblins (D:2)
  3 ball pythons
  6 bats
  A frilled lizard (D:2)
  5 kobolds
  2 rats
54 creatures vanquished.

Notes
Turn   | Place    | Note
-------+----------+-------------------------------------------
     0 | D:1      | grindst0ne the Gnoll Wanderer began the quest for the Orb.
     0 | D:1      | grindst0ne set off with the following items: a +2 dagger, a
                  | scroll of blinking, a +0 quarterstaff, a scroll of
                  | teleportation, a +0 robe, a ration
     0 | D:1      | Reached XP level 1. HP: 26/26 MP: 1/1
   304 | D:1      | Reached XP level 2. HP: 33/33 MP: 2/2
  1193 | D:2      | Reached XP level 3. HP: 38/38 MP: 3/3
  1427 | D:2      | Reached skill level 1 in Invocations
  1526 | D:2      | Found a shadowy altar of Dithmenos.
  1532 | D:2      | Became a worshipper of Dithmenos the Shadowed
  1674 | D:3      | Found a snail-covered altar of Cheibriados.
  1674 | D:3      | Found an iron altar of Okawaru.
  1674 | D:3      | Noticed Natasha
  1677 | D:3      | Killed Natasha
  1677 | D:3      | Reached skill level 1 in Short Blades
  1677 | D:3      | Reached skill level 1 in Long Blades
  1677 | D:3      | Reached skill level 1 in Axes
  1677 | D:3      | Reached skill level 1 in Maces & Flails
  1677 | D:3      | Reached skill level 1 in Polearms
  1677 | D:3      | Reached skill level 1 in Slings
  1677 | D:3      | Reached skill level 1 in Bows
  1677 | D:3      | Reached skill level 1 in Crossbows
  1677 | D:3      | Reached skill level 1 in Armour
  1677 | D:3      | Reached skill level 1 in Shields
  1677 | D:3      | Reached skill level 1 in Unarmed Combat
  1677 | D:3      | Reached skill level 1 in Spellcasting
  1677 | D:3      | Reached skill level 1 in Evocations
  1677 | D:3      | Reached XP level 4. HP: 45/45 MP: 5/5
  1692 | D:3      | Reached skill level 1 in Conjurations
  1692 | D:3      | Reached skill level 1 in Hexes
  1692 | D:3      | Reached skill level 1 in Charms
  1692 | D:3      | Reached skill level 1 in Summonings
  1692 | D:3      | Reached skill level 1 in Necromancy
  1692 | D:3      | Reached skill level 1 in Translocations
  1692 | D:3      | Reached skill level 1 in Transmutations
  1692 | D:3      | Reached skill level 1 in Fire Magic
  1692 | D:3      | Reached skill level 1 in Ice Magic
  1692 | D:3      | Reached skill level 1 in Air Magic
  1692 | D:3      | Reached skill level 1 in Earth Magic
  1692 | D:3      | Reached skill level 1 in Poison Magic
  1758 | D:3      | Reached XP level 5. HP: 51/51 MP: 6/6
  1799 | D:3      | Found a sacrificial altar of Ru.
  1800 | D:3      | Found an ancient bone altar of Kikubaaqudgha.
  1802 | D:3      | Found a glowing golden altar of the Shining One.
  1844 | D:2      | HP: 2/51 [poisoned by an orc]
  1851 | D:2      | HP: 1/51 [poisoned by an orc]
  1859 | D:2      | HP: 1/51 [poisoned by an orc]
  2311 | D:3      | Found a faded altar of an unknown god.
  2321 | D:3      | Found a shimmering altar of Xom.
  2367 | D:3      | Learned a level 1 spell: Magic Dart
  2482 | D:3      | Killed from afar by an orc priest

Levels and vault maps discovered:
D:1:      elethiomel_arrival_maze, layout_loops_corners
D:2:      layout_basic, nicolae_dithmenos_through_a_glass_darkly
D:3:      layout_basic, grunt_temple_overflow_open,
          chequers_ecumenical_altar_simple_redux, uniq_natasha, uniq_robin

Skill      XL: |  1  2  3  4  5 |
---------------+----------------+-----
Invocations    | 1 |  1.6
Short Blades   | 1 |  1.4
Long Blades    | 1 |  1.4
Axes           | 1 |  1.4
Maces & Flails | 1 |  1.4
Polearms       | 1 |  1.4
Slings         | 1 |  1.4
Bows           | 1 |  1.4
Crossbows      | 1 |  1.4
Armour         | 1 |  1.4
Shields        | 1 |  1.4
Unarmed Combat | 1 |  1.4
Spellcasting   | 1 |  1.4
Evocations     | 1 |  1.4
Conjurations   | 1 |  1.1
Hexes          | 1 |  1.1
Charms         | 1 |  1.1
Summonings     | 1 |  1.1
Necromancy     | 1 |  1.1
Translocations | 1 |  1.1
Transmutations | 1 |  1.1
Fire Magic     | 1 |  1.1
Ice Magic      | 1 |  1.1
Air Magic      | 1 |  1.1
Earth Magic    | 1 |  1.1
Poison Magic   | 1 |  1.1
Staves         | 3 |  3.0
Dodging        | 3 |  3.0
Fighting       | |  8.6
Throwing       | |  4.8
Stealth        | |  4.4

Action                   |  1- 3 |  4- 6 || total
-------------------------+-------+-------++-------
Melee: Dagger            |    79 |   115 ||   194
       Bite              |     8 |    13 ||    21
       Whip              |     2 |       ||     2
 Stab: Sleeping          |     4 |     2 ||     6
  Eat: Chunk             |     2 |     3 ||     5
Armor: Robe              |     2 |       ||     2
       Ring mail         |    33 |    54 ||    87
Dodge: Dodged            |    57 |    74 ||   131
